 Dungeon Crawl Stone Soup version 0.28-a0-697-g47f3eba078 (webtiles) character file.

Game seed: 2297925615985321234

194 ytrimaz the Grave Robber (level 5, -1/28 HPs)
             Began as a Deep Elf Necromancer on Oct 24, 2021.
             Was a Follower of Ru.
             Slain by an ufetubus (2 damage)
             ... on level 4 of the Dungeon.
             The game lasted 00:05:02 (3715 turns).

ytrimaz the Grave Robber (Deep Elf Necromancer)     Turns: 3715, Time: 00:05:03

Health: -1/28      AC:  3    Str:  5    XL:     5   Next: 44%
Magic:  0/15       EV: 11    Int: 21    God:    Ru [*.....]
Gold:   107        SH:  0    Dex: 15    Spells: 14/15 levels left

rFire   + . .      SeeInvis .   (no weapon)
rCold   . . .      Faith    .   (no shield)
rNeg    . . .      Spirit   +   a - +0 robe
rPois   .          Reflect  .   (no helmet)
rElec   .          Harm     .   d - +0 cloak
rCorr   .          Rampage  .   (no gloves)
Will    .....                   (no boots)
Stlth   ++........              b - amulet of guardian spirit
HPRegen 0.09/turn               g - ring of protection from fire
MPRegen 0.14/turn               (no ring)

@: no status effects
A: inability to train dodging
a: Renounce Religion


You were on level 4 of the Dungeon.
You worshipped Ru.
Ru was aware of your devotion.
You visited 1 branch of the dungeon, and saw 4 of its levels.

You collected 107 gold pieces.

Inventory:

Armour
 a - a +0 robe (worn)
 d - a +0 cloak (worn)
Jewellery
 b - an amulet of guardian spirit (around neck)
 g - a ring of protection from fire (left hand)
Scrolls
 e - a scroll of summoning
 f - 2 scrolls of noise
 i - a scroll of enchant weapon
 j - a scroll of identify
Potions
 c - 2 potions of magic {unknown}
 h - a potion of brilliance {unknown}
 k - 2 potions of cancellation {unknown}


   Skills:
 - Level 2.4 Stealth
 * Level 5.7 Spellcasting
 * Level 6.8 Necromancy


You had 14 spell levels left.
You knew the following spells:

 Your Spells              Type           Power      Damage    Failure   Level
a - Pain                  Necr           100%       1d9       1%          1

Your spell library contained the following spells:

 Spells                   Type           Power      Damage    Failure   Level
 Animate Skeleton         Necr           68%        N/A       1%          1
 Vampiric Draining        Necr           17%        2d8       1%          3
 Animate Dead             Necr           17%        N/A       6%          4
 Dispel Undead            Necr           34%        3d15      6%          4
 Shock                    Conj/Air       20%        1d4       10%         1
 Static Discharge         Conj/Air       5%         N/A       16%         2
 Agony                    Necr           34%        N/A       17%         5
 Mephitic Cloud           Conj/Pois/Air  5%         N/A       30%         3
 Fulminant Prism          Conj/Hex       2%         3d6       69%         4
 Sticky Flame             Conj/Fire      5%         2d3       69%         4
 Irradiate                Conj/Tmut      2%         3d14      95%         5
 Orb of Destruction       Conj           2%         9d1       100%        7


Dungeon Overview and Level Annotations

Branches:
Dungeon (4/15)
 Temple: D:4-7

Altars:
Cheibriados
Kikubaaqudgha
Ru
Vehumet

Annotations:
D:3 3 runed translucent doors, ytrimaz's ghost, amateur FoFi


Innate Abilities, Weirdness & Mutations

You cannot train Dodging skill.


Message History

Found 2 gold pieces.
An adder comes into view.
The adder completely misses you. The adder bites you.
You are poisoned.
The adder poisons you!
You hit the adder but do no damage.
You feel sick.
The adder hisses angrily.
You hear a shout!
An ufetubus comes into view.
The adder bites you.
The adder writhes in agony!
You feel sick. The adder misses you.
The adder writhes in agony.
You feel sick. The adder bites you.
You are more poisoned.
The adder poisons you!
A goblin comes into view. It is wielding a +0 dagger.
The adder closely misses you.
The adder barely resists.
You feel sick.
A quokka skeleton comes into view.
The adder bites you.
The quokka skeleton moves out of view.
You are too injured to fight recklessly!
You feel sick.
You feel sick.
A water moccasin skeleton comes into view.
The adder closely misses you.
You feel sick.
You feel sick.
You feel sick.
You are no longer poisoned.
The adder bites you.
* * * LOW HITPOINT WARNING * * *
The adder barely misses you.
You are too injured to fight recklessly!
The ufetubus hits you.
* * * LOW HITPOINT WARNING * * *
The ufetubus closely misses you. The ufetubus hits you.
* * * LOW HITPOINT WARNING * * *
The ufetubus hits you.
* * * LOW HITPOINT WARNING * * *
The ufetubus hits you.
You die...

#...........# #.##.####
#.######.##.# ####.##.#
#g##.# #....##.#
#####.##.# #.#####.#
#........# #<# #.#
....###.#S.####.#####.#
## #.#.............#
#S5....##(########
#..@..............
##.....###########
##...## #####


You could see 2 adders and an ufetubus.

Vanquished Creatures
  A scorpion (D:4)
  A hound (D:4)
  4 gnolls (D:2)
  An adder (D:3)
  A worm (D:3)
  3 orcs (D:3)
  2 ball pythons
  6 endoplasms
  4 giant cockroaches
  5 goblins
  4 hobgoblins
  2 jackals (D:1)
  7 kobolds
  2 quokkas (D:1)
  3 bats
  2 frilled lizards
  6 rats
54 creatures vanquished.

Notes
Turn   | Place    | Note
-------+----------+-------------------------------------------
     0 | D:1      | ytrimaz the Deep Elf Necromancer began the quest for the
                  | Orb.
     0 | D:1      | Reached XP level 1. HP: 10/10 MP: 6/6
    25 | D:1      | Reached skill level 5 in Necromancy
   100 | D:1      | Got the Almanac of Battle Magic
   273 | D:1      | Reached XP level 2. HP: 7/15 MP: 1/8
  1107 | D:1      | Found a faded altar of an unknown god.
  1107 | D:1      | Noticed a Tzitzimitl
  1145 | D:1      | Prayed at the altar of an unknown god.
  1145 | D:1      | Became a worshipper of Ru the Awakened
  1153 | D:1      | Gained mutation: You cannot train Dodging skill. [Ru
                  | sacrifice]
  1153 | D:1      | Reached * piety under Ru
  1584 | D:2      | Reached XP level 3. HP: 14/19 MP: 5/10
  2025 | D:2      | Reached skill level 6 in Necromancy
  2239 | D:2      | Reached XP level 4. HP: 21/24 MP: 8/12
  2860 | D:3      | HP: 1/24 [orc (2)]
  2861 | D:3      | Found a runed translucent gate.
  2861 | D:3      | Found a runed translucent gate.
  2862 | D:3      | Found a runed translucent gate.
  2874 | D:3      | HP: 1/24 [kobold/stone (1)]
  3355 | D:3      | Noticed ytrimaz's ghost (amateur FoFi)
  3601 | D:4      | Found a radiant altar of Vehumet.
  3603 | D:4      | Found a snail-covered altar of Cheibriados.
  3605 | D:4      | Found an ancient bone altar of Kikubaaqudgha.
  3637 | D:4      | Reached skill level 5 in Spellcasting
  3637 | D:4      | Reached XP level 5. HP: 25/28 MP: 9/14
  3715 | D:4      | HP: 1/28 [ufetubus (1)]
  3715 | D:4      | Slain by an ufetubus

Illustrated notes

Levels and vault maps discovered:
D:1:      minmay_arrival_stone_box, layout_loops_corners,
          dreamdust_ecumenical_altar_sealed_demon
D:2:      layout_basic
D:3:      layout_rooms, gammafunk_ghost_icy, minivault_25
D:4:      layout_loops_ring, grunt_temple_overflow_open,
          nicolae_overflow_hidden_temple, minmay_diced_spiral

Skill      XL: |  1  2  3  4 |
---------------+-------------+-----
Necromancy     | 5 6 |  6.8
Dodging        | 0 |  0.0
Spellcasting   | 4 5 |  5.7
Stealth        | |  2.4

Action                   |  1- 3 |  4- 6 || total
-------------------------+-------+-------++-------
Melee: Unarmed           |       |     5 ||     5
 Cast: Pain              |    59 |    45 ||   104
Invok: Sacrifice Nimblen |     1 |       ||     1
  Use: Scroll            |     1 |     7 ||     8
Armor: Robe              |       |     9 ||     9
Dodge: Dodged            |    13 |    24 ||    37

Table legend: (Time is in decaauts)
 A = Elapsed time spent in this place.
 B = Non-inter-level travel time spent in this place.
 C = Inter-level travel time spent in this place.
 D = Time resting spent in this place.
 E = Time spent auto-exploring this place.
 F = Levels seen in this place.
 G = Mean time per level.
                   A        B        C        D        E       F      G
               +--------+--------+--------+--------+--------+-----+--------+
         Total |   3715 |   3657 |     58 |    617 |   2574 |   4 |  928.8 |
       Dungeon |   3715 |   3657 |     58 |    617 |   2574 |   4 |  928.8 |
               +--------+--------+--------+--------+--------+-----+--------+

Top non-repeatable levels by time:
     D:1: 1844 daAuts
     D:3: 1082 daAuts
     D:2: 667 daAuts
     D:4: 121 daAuts
